Description

This build can be done in all league. It's design to be really strong in defense and works against every kind of protoss build order (cheese, all-in macro).

Few tips :

  • If you can do a full wall, the build order will be stronger (no harass from adepts)
  • Try to scout as soon as you have your first phoenix
  • If you see a fast stargate, you can play mass phoenix
  • If you see something else, just follow what I explain in the video

VOD

https://youtu.be/txai_WCFz-U

Replay - Skypemoon v zuka - Pillars of Gold LE

Build Order

Get SALT Encoding   

  12  0:00  Probe (Chrono Boost)  
  13  0:12  Probe (Chrono Boost)  
  14  0:20  Pylon  
  14  0:21  Probe (Chrono Boost)  
  15  0:38  Probe  
  16  0:50  Probe  
  17  1:00  Nexus  
  17  1:04  Probe  
  18  1:15  Gateway  
  18  1:18  Probe  
  19  1:23  Assimilator  
  19  1:31  Probe, Assimilator  
  20  1:43  Probe  
  21  1:49  Pylon  
  21  1:55  Probe  
  22  2:02  Cybernetics Core  
  27  2:32  Pylon  
  28  2:41  Stargate  
  28  2:42  Shield Battery  
  29  2:51  Robotics Facility  
  29  2:55  Stalker (Chrono Boost)  
  31  3:02  Warp Gate  
  33  3:13  Shield Battery  
  34  3:23  Phoenix (Chrono Boost)  
  34  3:26  Pylon  
  39  3:41  Immortal (Chrono Boost)  
  44  3:51  Phoenix (Chrono Boost)  
  47  3:57  Assimilator  
  48  4:02  Assimilator  
  49  4:15  Phoenix (Chrono Boost)  
  52  4:21  Pylon  
  53  4:27  Observer (Chrono Boost)  
  55  4:35  Phoenix  
  59  4:47  Immortal (Chrono Boost)  
  65  5:05  Fleet Beacon  
  66  5:19  Immortal (Chrono Boost)  
  72  5:39  Stargate  
  74  5:51  Immortal (Chrono Boost)  
  80  6:18  Nexus  
  86  6:26  Protoss Air Weapons Level 1 (Chrono Boost), Carrier x2 (Chrono Boost)  
  92  6:39  Immortal  
  96  6:44  Forge  
  96  6:46  Shield Battery  
  100  7:10  Gateway  
  100  7:15  Assimilator  
  100  7:21  Assimilator  
  106  7:23  Carrier x2 (Chrono Boost)  
  118  7:55  Gateway  
  118  8:03  Photon Cannon  
  118  8:09  Carrier  
  118  8:10  Photon Cannon x2  
  124  8:13  Stalker x2  
  124  8:18  Shield Battery x2  
  128  8:47  Stargate  
  128  8:57  Photon Cannon  
  134  9:06  Protoss Air Weapons Level 2 (Chrono Boost)  
  134  9:11  Mothership (Chrono Boost)  
  134  9:16  Carrier (Chrono Boost)  
  151  9:28  Carrier (Chrono Boost)  
  150  9:46  Stalker x2  
  150  9:50  Photon Cannon  
Spawning Tool Build Advisor. Get it on Overwolf

Go to:

Details

  • Created by: zuka      
  • Published on: Aug 24, 2020
  • Patch: 4.11.0
  • Difficulty: Medium
Show
View Real Time Build Order
Export as new Build Order

Comments (1)

On Aug. 25, 2020, 12:29 a.m., Maxgy  said:

Pleasantly surprised at how well this worked for me, very salty opponents.

Create an account to comment!